 Dungeon Crawl Stone Soup version 0.25.0-3-gd7cc5688da (webtiles) character file.

Game seed: 15906741449309235462

266 Alfie the Shooter (level 6, -2/47 HPs)
             Began as a Human Hunter on June 15, 2020.
             Slain by a phantom (6 damage)
             ... on level 4 of the Dungeon.
             The game lasted 00:08:14 (2881 turns).

Alfie the Shooter (Human Hunter)                    Turns: 2881, Time: 00:08:15

Health: -2/47      AC:  3    Str: 14    XL:     6   Next: 44%
Magic:  6/6        EV: 12    Int: 18    God:
Gold:   212        SH:  0    Dex: 13    Spells: 5/5 levels left

rFire    . . .     SeeInvis .   b - +0 short sword
rCold    . . .     Gourm    .   (no shield)
rNeg     . . .     Faith    .   c - +0 leather armour
rPois    .         Spirit   .   (no helmet)
rElec    .         Reflect  .   (no cloak)
rCorr    .         Harm     .   (no gloves)
MR       .....                  (no boots)
Stlth    ++........             (no amulet)
HPRegen  0.15/turn              o - +6 ring of intelligence
MPRegen  0.10/turn              (no ring)

@: no status effects
A: no striking features
a: no special abilities


You were on level 4 of the Dungeon.
You were not hungry.

You visited 1 branch of the dungeon, and saw 4 of its levels.

You collected 212 gold pieces.

Inventory:

Hand Weapons
 a - a +1 shortbow
 b - a +0 short sword (weapon)
Missiles
 d - 36 arrows
Armour
 c - a +0 leather armour (worn)
Jewellery
 j - an uncursed ring of resist corrosion
 o - a +6 ring of intelligence (left hand)
Wands
 n - a wand of polymorph (7)
Scrolls
 i - 6 scrolls of identify
 l - 2 scrolls of remove curse
 m - a scroll of enchant weapon {unknown}
 p - 2 scrolls of fog
 q - a scroll of immolation {unknown}
Potions
 h - a potion of stabbing {unknown}
 k - a potion of lignification {unknown}
Comestibles
 f - 3 rations


   Skills:
 + Level 3.2 Fighting
 + Level 6.3 Bows
 + Level 1.1 Armour
 + Level 2.1 Dodging
 + Level 1.8 Stealth


You had 5 spell levels left.
You didn't know any spells.
Your spell library was empty.

Dungeon Overview and Level Annotations

Branches:
Dungeon (4/15)
 Temple: D:4-7

Altars:
Dithmenos
Gozag
Xom

Annotations:
D:2 1 runed translucent door, Crazy Yiuf


Message History

b - a +0 short sword (weapon)
The phantom closely misses you.
You hit the phantom.
The phantom is moderately damaged.
The orc closely misses you. The phantom hits you.
* * * LOW HITPOINT WARNING * * *
The orc barely misses you.
Found 10 gold pieces.
There is a shadowy altar of Dithmenos, spattered with blood here.
Items here: ( ))) [[ † You hit the orc but do no damage.
The orc is severely wounded.
The orc hits you with a +0 trident.
* * * LOW HITPOINT WARNING * * *
The phantom hits you.
* * * LOW HITPOINT WARNING * * *
You hit the orc.
The orc is almost dead.
The orc misses you. The phantom hits you.
You die...

#...........#.#...#
..
#...........#.#.#.#
.#. #...........#
#.#.#....
#######.#####
#..<..# #.....##
###...# . #......#
....... ...
#......# ###.##.#
.(.(.##(#...# .. .
.(...(o@W...# #..
......#(#...# ...
####.##.##..# ...#
#. #.......
##........ ........
.$...... ... ....


You could see a phantom and an orc.

Vanquished Creatures
  An ogre (D:3)
  An orc priest (D:4)
  An orc wizard (D:4)
  3 gnolls (D:3)
  An adder (D:3)
  An ooze (D:2)
  A dart slug (D:4)
  3 leopard geckos
  6 orcs
  A giant cockroach (D:2)
  13 goblins
  8 hobgoblins
  9 kobolds
  2 quokkas
  2 ball pythons (D:3)
  5 bats
  7 frilled lizards
  A leopard gecko skeleton (D:4)
  10 rats
76 creatures vanquished.

Notes
Turn   | Place    | Note
-------+----------+-------------------------------------------
     0 | D:1      | Alfie the Human Hunter began the quest for the Orb.
     0 | D:1      | Reached XP level 1. HP: 16/16 MP: 1/1
    99 | D:1      | Reached XP level 2. HP: 22/22 MP: 2/2
   478 | D:1      | Reached XP level 3. HP: 26/27 MP: 3/3
  1141 | D:2      | Reached skill level 5 in Bows
  1429 | D:2      | Reached XP level 4. HP: 34/34 MP: 4/4
  1557 | D:2      | Found a runed translucent door.
  1558 | D:2      | Noticed Crazy Yiuf
  1906 | D:3      | Found a shimmering altar of Xom.
  1969 | D:3      | Noticed an ogre
  1995 | D:3      | Killed an ogre
  1995 | D:3      | Reached XP level 5. HP: 11/40 MP: 5/5
  2281 | D:3      | Reached skill level 6 in Bows
  2339 | D:3      | Found an opulent altar of Gozag.
  2534 | D:3      | Reached XP level 6. HP: 35/47 MP: 6/6
  2840 | D:4      | Found a shadowy altar of Dithmenos.
  2855 | D:4      | Reached skill level 1 in Armour
  2859 | D:4      | Noticed a phantom
  2881 | D:4      | Slain by a phantom

Illustrated notes

Levels and vault maps discovered:
D:1:      lightli_arrival_maybe_door_vault, layout_basic, minmay_tetromino_t4
D:2:      layout_loops_ring, uniq_crazy_yiuf_cottage
D:3:      layout_basic, xom_teletrap_fun,
          nicolae_gozag_cash_rules_everything_around_me
D:4:      layout_basic, lemuel_crystal_altar, minmay_temple_entry_slanted

Skill      XL: |  1  2  3  4  5  6 |
---------------+-------------------+-----
Bows           | 5 6 |  6.3
Fighting       | 3 |  3.2
Armour         | 1 |  1.1
Dodging        | |  2.1
Stealth        | |  1.8

Action                   |  1- 3 |  4- 6 || total
-------------------------+-------+-------++-------
Melee: Short sword       |       |    13 ||    13
 Fire: Shortbow          |    92 |   102 ||   194
  Use: Scroll            |     3 |     3 ||     6
       Potion            |       |     2 ||     2
  Eat: Chunk             |     1 |     1 ||     2
       Ration            |       |     1 ||     1
Armor: Leather armour    |     5 |    13 ||    18
Dodge: Dodged            |    12 |    44 ||    56
